 Dungeon Sprint DCSS version 0.27.1-33-g824d729ab1 (webtiles) character file.

Game seed: 12913323970966526915

1268 boopmooplesden the Cleaver (level 8, -6/78 HPs)
             Began as a Minotaur Fighter on Dec 4, 2021.
             Was a Believer of Okawaru.
             Killed from afar by an oklob plant (14 damage)
             ... with a splash of acid
             ... in the Dungeon (Sprint IV: "Fedhas' Mad Dash").
             The game lasted 00:03:40 (1192 turns).

boopmooplesden the Cleaver (Minotaur Fighter)       Turns: 1192, Time: 00:03:40

Health: -6/78      AC: 13    Str: 23    XL:     8   Next: 28%
Magic:  6/7        EV:  7    Int:  5    God:    Okawaru [**....]
Gold:   103        SH: 12    Dex: 10    Spells: 7/7 levels left

rFire    . . .     SeeInvis .   a - +1 war axe
rCold    . . .     Faith    .   c - +0 kite shield
rNeg     + . .     Spirit   .   j - +3 plate armour {rN+}
rPois    .         Reflect  .   (helmet restricted)
rElec    .         Harm     .   (no cloak)
rCorr    .         Rampage  .   (no gloves)
Will     .....     NoTele   +   (no boots)
Stlth    ..........             d - amulet of invisibility {+Inv}
HPRegen  0.23/turn              (no ring)
MPRegen  0.10/turn              (no ring)

@: corroded, on berserk cooldown, very slightly contaminated, slowed, very slow
A: horns 2, retaliatory headbutt
a: Renounce Religion, Evoke Invisibility, Heroism


You were in the Dungeon.
You worshipped Okawaru.
Okawaru was pleased with you.
You visited 1 branch You collected 103 gold pieces.

Inventory:

Hand Weapons
 a - a +1 war axe (weapon)
Armour
 b - a +0 scale mail
 c - a +0 kite shield (worn)
 j - a +3 plate armour of positive energy (worn)
Jewellery
 d - the amulet of invisibility (around neck) {+Inv}
   (You found it in the Dungeon)

   [amulet of nothing]

   +Inv:      It lets you turn invisible.
Scrolls
 g - a scroll of amnesia {unknown}
Potions
 e - a potion of curing
 f - a potion of heal wounds
 h - 2 potions of magic


   Skills:
 + Level 9.6 Fighting
 + Level 10.4 Axes
 + Level 9.8 Armour
 + Level 3.5 Dodging
 + Level 5.3 Stealth
 + Level 10.2 Shields
 + Level 0.4 Invocations
 + Level 5.9 Evocations


You had 7 spell levels left.
You didn't know any spells.
Your spell library contained the following spells:

 Spells                   Type           Power      Damage    Failure   Level
 Animate Armour           Summ/Erth      0%         N/A       100%        4
 Blade Hands              Tmut           0%         N/A       100%        5
 Iron Shot                Conj/Erth      0%         9d1       100%        6


Dungeon Overview and Level Annotations

Branches:
Dungeon (1/1)

Altars:
Cheibriados
Dithmenos
Elyvilon
Gozag
Hepliaklqana
Kikubaaqudgha
Makhleb
Nemelex Xobeh
Okawaru
Qazlal
Ru
Sif Muna
Trog
Uskayaw
Vehumet
Wu Jian
Xom
Yredelemnul
Zin
The Shining One
Beogh
Jiyva
Lugonu

Shops:
D ((!(

Annotations:
D exclusion: oklob plant


Innate Abilities, Weirdness & Mutations

You have a pair of horns on your head.
You reflexively headbutt those who attack you in melee.


Message History

You kill the killer bee!
Okawaru accepts your kill.
You flicker for a moment.
You feel sick.
Your Axes skill increases to level 10!
Your Stealth skill increases to level 5!
Unknown command.
You feel sick.
You are no longer poisoned.
You feel a strong urge to attack something.
You see here a killer bee corpse.
The door flies open with a bang!
You feel your anger nearly subside.
An oklob plant comes into view.
You are no longer berserk.
You are exhausted.
You feel yourself slow down.
Marking area around an oklob plant as unsafe for travelling.
Found 7 gold pieces and a curved smoking staff.
There is an open door here.
You flicker back into view.
You see here 7 gold pieces.
You hit the oklob plant.
The oklob plant is lightly damaged.
The oklob plant spits acid at you. The splash of acid hits you!
The acid corrodes you!
You are splashed with acid!
You hit the oklob plant. You headbutt the oklob plant.
The oklob plant is lightly damaged.
You hit the oklob plant but do no damage.
You headbutt the oklob plant.
The oklob plant is moderately damaged.
The oklob plant spits acid at you.
The splash of acid hits you but does no damage.
You are splashed with acid!
The oklob plant spits acid at you. The splash of acid hits you.
You are splashed with acid!!
* * * LOW HITPOINT WARNING * * *
The oklob plant spits acid at you. The splash of acid hits you!
You die...

###################
#<...#.....#.....#.
#PP..÷.)...'.#...'.
#PP..#.....#.#...#.
###############'##.
#...♣........'...#.
#...†..♣.....#...##
#.....♣..♣..######
##@####+##### #$.#
#P|# ####


You could see an oklob plant.

Vanquished Creatures
  A queen bee (D)
  A burning bush (D)
  2 wandering mushrooms (D)
  3 scorpions (D)
  4 killer bees (D)
  4 oklob saplings (D)
  2 spriggans (D)
  A river rat (D)
  A rat (D)
19 creatures vanquished.

Vanquished Creatures (others)
  3 fungi (D)
3 creatures vanquished.

Grand Total: 22 creatures vanquished

Notes
Turn   | Place    | Note
-------+----------+-------------------------------------------
     0 | D        | boopmooplesden the Minotaur Fighter began the quest for the
                  | Orb.
     0 | D        | Reached XP level 1. HP: 19/19 MP: 0/0
    14 | D        | Reached XP level 2. HP: 7/27 MP: 1/1
   241 | D        | Noticed a scorpion
   241 | D        | Found the amulet of invisibility {+Inv}
   243 | D        | Killed a scorpion
   244 | D        | Reached skill level 5 in Fighting
   244 | D        | Reached XP level 3. HP: 36/36 MP: 2/2
   255 | D        | Noticed an oklob sapling
   258 | D        | Killed an oklob sapling
   259 | D        | Reached XP level 4. HP: 44/44 MP: 0/3
   298 | D        | Reached skill level 1 in Dodging
   383 | D        | Found an opulent altar of Gozag.
   383 | D        | Found a hazy altar of Hepliaklqana.
   383 | D        | Found a snail-covered altar of Cheibriados.
   389 | D        | Found a viscous altar of Jiyva.
   389 | D        | Found a burning altar of Makhleb.
   389 | D        | Found a sparkling altar of Nemelex Xobeh.
   389 | D        | Found a sacrificial altar of Ru.
   389 | D        | Found a shimmering blue altar of Sif Muna.
   389 | D        | Found a bloodstained altar of Trog.
   389 | D        | Found an ornate altar of the Wu Jian Council.
   389 | D        | Found a shimmering altar of Xom.
   389 | D        | Found a basalt altar of Yredelemnul.
   390 | D        | Found an iron altar of Okawaru.
   390 | D        | Found a shadowy altar of Dithmenos.
   390 | D        | Found a glowing silver altar of Zin.
   391 | D        | Found an ancient bone altar of Kikubaaqudgha.
   391 | D        | Found a hide-covered altar of Uskayaw.
   392 | D        | Found a stormy altar of Qazlal.
   392 | D        | Found a white marble altar of Elyvilon.
   392 | D        | Found a glowing golden altar of the Shining One.
   393 | D        | Found a corrupted altar of Lugonu.
   393 | D        | Found a radiant altar of Vehumet.
   399 | D        | Reached skill level 5 in Axes
   399 | D        | Reached skill level 1 in Evocations
   399 | D        | Reached XP level 5. HP: 51/51 MP: 2/4
   402 | D        | Became a worshipper of Warmaster Okawaru
   418 | D        | Reached skill level 1 in Stealth
   644 | D        | Reached XP level 6. HP: 38/61 MP: 5/5
   685 | D        | Found Zish's Weapon Shop.
   685 | D        | Found Xaseh's Weapon Emporium.
   776 | D        | Noticed a burning bush
   776 | D        | Noticed a wandering mushroom
   777 | D        | Noticed a wandering mushroom
   787 | D        | Killed a wandering mushroom
   792 | D        | Reached * piety under Okawaru
  1050 | D        | Killed a wandering mushroom
  1051 | D        | Reached XP level 7. HP: 69/69 MP: 3/6
  1061 | D        | Killed a burning bush
  1061 | D        | Reached ** piety under Okawaru
  1062 | D        | Reached skill level 5 in Evocations
  1066 | D        | Found Amnal's Distillery.
  1067 | D        | Found Gitetumm's Weapon Emporium.
  1173 | D        | Noticed a queen bee
  1178 | D        | Reached skill level 10 in Shields
  1179 | D        | Reached XP level 8. HP: 78/78 MP: 4/7
  1182 | D        | Killed a queen bee
  1183 | D        | Reached skill level 10 in Axes
  1183 | D        | Reached skill level 5 in Stealth
  1186 | D        | Noticed an oklob plant
  1192 | D        | Killed from afar by an oklob plant

Illustrated notes

Levels and vault maps discovered:
D:        dungeon_sprint_fedhas [sprint_temple]

Skill      XL: |  1  2  3  4  5  6  7  8 |
---------------+-------------------------+-----
Armour         | 4 6 7 8 9 |  9.8
Fighting       | 4 5 6 7 8 9 |  9.6
Axes           | 3 4 5 6 8 9 10 | 10.4
Shields        | 4 6 7 8 9 10 | 10.2
Dodging        | 1 2 3 |  3.5
Evocations     | 1 3 4 5 |  5.9
Stealth        | 2 3 4 5 |  5.3
Invocations    | |  0.4

Action                   |  1- 3 |  4- 6 |  7- 9 || total
-------------------------+-------+-------+-------++-------
Melee: War axe           |     9 |    33 |    17 ||    59
       Headbutt          |     4 |    10 |     5 ||    19
Invok: Heroism           |       |     1 |       ||     1
 Abil: Evoke Invisibilit |     1 |     3 |     1 ||     5
  Use: Potion            |     1 |     1 |     1 ||     3
       Scroll            |     1 |     1 |       ||     2
 Stab: Invisible         |       |     4 |     3 ||     7
Armor: Scale mail        |       |     3 |       ||     3
       Plate armour      |       |       |     4 ||     4
Dodge: Dodged            |     3 |    10 |     7 ||    20
Block: Kite shield       |     5 |     9 |     7 ||    21
